 Dungeon Crawl Stone Soup version 0.19.5 (webtiles) character file.

330 JeffiDaFish the Shield-Bearer (level 6, 0/38 HPs)
             Began as a Gargoyle Fighter on Mar 28, 2017.
             Slain by Sigmund
             ... wielding a +0 scythe
              (5 damage)
             ... on level 3 of the Dungeon.
             The game lasted 00:09:34 (3452 turns).

JeffiDaFish the Shield-Bearer (Gargoyle Fighter)    Turns: 3452, Time: 00:09:35

Health: 0/38       AC: 11    Str: 20    XL:     6   Next: 51%
Magic:  6/6        EV:  8    Int:  8    God:
Gold:   245        SH:  9    Dex: 11    Spells: 0 memorised, 5 levels left

rFire  . . .     SeeInvis .     a - +0 flail
rCold  . . .     Gourm    .     b - +0 scale mail
rNeg   + . .     Faith    .     c - +0 shield
rPois  ∞         Spirit   .     (no helmet)
rElec  +         Reflect  .     (no cloak)
rCorr  .         Harm     .     (no gloves)
MR     +....                    (no boots)
Stlth  ..........               (no amulet)
                                (no ring)
                                (no ring)

@: no status effects
A: big wings, magic resistance 1, negative energy resistance 1, electricity
resistance, unbreathing, petrification resistance, rot immunity, AC +4
a: Fly


You were on level 3 of the Dungeon.
You were not hungry.

You visited 1 branch of the dungeon, and saw 3 of its levels.

You collected 245 gold pieces.

Inventory:

Hand Weapons
 a - a +0 flail (weapon)
Armour
 b - a +0 scale mail (worn)
 c - a +0 shield (worn)
Scrolls
 e - a scroll of teleportation
 i - a scroll of magic mapping
Comestibles
 d - 7 chunks of flesh
 f - 4 bread rations
 g - 2 beef jerkies
 h - a fruit


   Skills:
 + Level 4.1 Fighting
 + Level 4.5 Maces & Flails
 + Level 4.2 Armour
 + Level 1.0 Dodging
 + Level 4.8 Shields


You had 5 spell levels left.
You didn't know any spells.

Dungeon Overview and Level Annotations

Branches:
Dungeon (3/15)

Altars:

Annotations:
D:3 Sigmund


Innate Abilities, Weirdness & Mutations

You are resistant to torment.
Your stone body is resilient. (AC +4)
You are immune to poison.
You resist negative energy. (rN+)
You are resistant to electric shocks. (rElec)
You can survive without breathing.
You are immune to petrification.
You are immune to rotting.
Your large and strong wings let you fly indefinitely.
You are resistant to hostile enchantments. (MR+)


Message History

You closely miss something. Something hits you but does no damage.
You barely miss something.
You hear some strange, mumbled words.
A magic dart appears from out of thin air!
The magic dart hits you!
You closely miss something. Something hits you.
You closely miss something. Something hits you.
* * * LOW HITPOINT WARNING * * *
You sock something! You miss something.
You hear some strange, mumbled words.
A puff of flame appears from out of thin air!
The puff of flame hits you! Something hits you.
* * * LOW HITPOINT WARNING * * *
Your shield prevents you from hitting something.
An adder comes into view.
You closely miss something.
The adder hisses angrily.
Something hits you.
You die...

.....#.......#...#
.....#.⌠...⌠.#...#
.....#.......#...#
.....)...⌠.)(((..#
.....#.....).###.#
.....#.⌠...⌠.# #)#
..)..#.......# #)#
....#####'#### #)#
....# #.(# #@#
##### #.## #{# #.
#.....# .. ##....#
#.. #....# #..
..>..# #.. ##....S
#.. #......
#.......


You could see an adder.

Vanquished Creatures
  2 orc priests (D:3)
  An orc wizard (D:3)
  Ijyb (D:3)
  8 gnolls (D:3)
  4 adders (D:3)
  2 oozes
  4 dart slugs
  3 leopard geckos
  9 orcs
  A ball python (D:1)
  8 giant cockroaches
  5 goblins
  9 hobgoblins
  3 jackals (D:1)
  2 quokkas (D:2)
  2 bats
  2 frilled lizards (D:1)
  10 kobolds
  7 rats
83 creatures vanquished.

Notes
Turn   | Place    | Note
-------+----------+-------------------------------------------
     0 | D:1      | JeffiDaFish the Gargoyle Fighter began the quest for the Orb.
     0 | D:1      | Reached XP level 1. HP: 14/14 MP: 1/1
   434 | D:1      | Reached XP level 2. HP: 18/19 MP: 2/2
   543 | D:1      | Gained mutation: Your large and strong wings let you fly indefinitely. [potion of mutation]
   543 | D:1      | Gained mutation: You are resistant to hostile enchantments. (MR+) [potion of mutation]
   877 | D:1      | Reached XP level 3. HP: 23/23 MP: 3/3
  2048 | D:2      | Reached XP level 4. HP: 29/29 MP: 4/4
  2237 | D:3      | Noticed Sigmund
  2254 | D:3      | Reached XP level 5. HP: 12/33 MP: 5/5
  2863 | D:3      | Noticed Ijyb
  2914 | D:3      | Killed Ijyb
  2916 | D:3      | Reached XP level 6. HP: 26/38 MP: 6/6
  3284 | D:3      | Reached skill level 1 in Dodging
  3452 | D:3      | Slain by Sigmund

Skill      XL: |  1  2  3  4  5  6 |
---------------+-------------------+-----
Maces & Flails | 3 4 |  4.5
Shields        | 4 |  4.8
Armour         | 4 |  4.2
Fighting       | 4 |  4.1
Dodging        | 1 |  1.0

Action                   |  1- 3 |  4- 6 || total
-------------------------+-------+-------++-------
Melee: Flail             |   186 |   240 ||   426
  Use: Scroll            |     4 |     1 ||     5
       Potion            |     2 |     5 ||     7
  Eat: Chunk             |     4 |     5 ||     9
Armor: Scale mail        |   106 |   147 ||   253
       Skin              |       |     4 ||     4
Dodge: Dodged            |    66 |    94 ||   160
Block: Shield            |    83 |   137 ||   220
